cohdb
Replays
Latest Replays
All Replays
Popular Replays
Top Player Replays
Match Explorer
How It Works
Community
CoH3 Stats
Reddit
Sign in to upload your games and track your stats! →
Sign in with Steam
Match 41109961
Unlisted
Match 41109961
Overview
Messages
Build Orders
End
Construct Barracks
Riflemen Squad
Selects Advanced Infantry Battlegroup
Riflemen Squad
Grenade Package
Riflemen Squad
Mechanized Support Center
Construct Weapon Support Center
Construct Weapon Support Center
M1919 Machine Gun Team
Selects Artillery Observers
Construct Medical Station
M3 Armored Personnel Carrier
Selects Convert to Ranger Squad
Convert to Ranger Squad
Construct Motor Pool
Selects Designate Assault Position
Artillery Observer Squad
M1 Anti-tank Gun Team
Selects M2A1 105mm Howitzer Emplacement
Engineer Squad
M1918 Browning Automatic Rifles
Construct Tank Depot
Convert to Ranger Squad
M4A1 Sherman Medium Tank
Selects Infantry Assault
Selects Free Fire Drills
M4A1 76mm Conversion
Improvised Armor
Rapid Repairs
M1 Anti-tank Gun Team
DevilDuck
Paradox
BigTiddyLebron
kreumat
0
0
Comments
sign in to comment!
No comments posted yet!